 Dungeon Crawl Stone Soup version 0.26-a0-812-g31a745ddcd (webtiles) character file.

Game seed: 2369561784249207309

8183 Kuinu the Slicer (level 11, -2/72 HPs)
             Began as a Kobold Fighter on Nov 19, 2020.
             Was a High Priest of Dithmenos.
             Slain by an orc knight
             ... wielding a +0 glaive
              (18 damage)
             ... on level 10 of the Dungeon.
             The game lasted 01:06:19 (15753 turns).

Kuinu the Slicer (Kobold Fighter)                  Turns: 15753, Time: 01:06:20

Health: -2/72      AC:  6    Str: 14    XL:     11   Next: 51%
Magic:  11/11      EV: 19    Int: 12    God:    Dithmenos [*****.]
Gold:   306        SH:  0    Dex: 17    Spells: 10/10 levels left

rFire    . . .     SeeInvis +   l - +2 short sword (flame)
rCold    . . .     Faith    +   (shield restricted)
rNeg     . . .     Spirit   .   S - +0 troll leather armour
rPois    .         Reflect  .   M - +0 mask of the Dragon {MR+ Slay+3 SInv}
rElec    .         Harm     .   x - +0 cloak
rCorr    .         Rampage  .   J - +0 pair of gloves
MR       ++...                  (no boots)
Stlth    ++++++++..             m - amulet of faith
HPRegen  0.62/turn              t - ring of protection from magic
MPRegen  0.12/turn              (no ring)

@: about to teleport, berserk cooldown, slowed, wreathed by umbra, studying
Shields, very slow
A: small, icy blue scales 1, clever 1, deformed body, nightstalker 3
a: Shadow Step, Shadow Form, Renounce Religion


You were on level 10 of the Dungeon.
You worshipped Dithmenos.
Dithmenos was extremely pleased with you.
You visited 2 branches of the dungeon, and saw 11 of its levels.
You also visited: Sewer.

You collected 618 gold pieces.
You spent 312 gold pieces at shops.

Inventory:

Hand Weapons
 a - a +0 rapier
 l - a +2 short sword of flaming (weapon)
 o - a +1 dagger of venom
 p - a +4 short sword
 w - a +0 dagger of protection
 A - a +2 dagger of venom
 H - a +0 rapier
 N - a +0 shortbow
 T - a +0 vampiric dagger
 U - a cursed -3 triple crossbow
Missiles
 k - 86 poisoned darts (quivered)
 O - 38 arrows
Armour
 b - a +0 scale mail
 c - a +0 kite shield
 h - a scarf of invisibility
 i - a +0 ring mail
 n - a +1 leather armour
 x - a +0 cloak (worn)
 J - a +0 pair of gloves (worn)
 M - the +0 mask of the Dragon (worn) {MR+ Slay+3 SInv}
   (You found it on level 9 of the Dungeon)

   It affects your accuracy and damage with ranged weapons and melee attacks
   (+3).
   It affects your resistance to hostile enchantments.
   It lets you see invisible.
 P - the +1 chain mail of the Learner {Regen+ Str+7, unknown}
   (You found it on level 9 of the Dungeon)

   It affects your strength (+7).
   It increases your rate of regeneration.
 S - a +0 troll leather armour (worn)
Jewellery
 m - an amulet of faith (around neck)
 r - an uncursed amulet of guardian spirit {unknown}
 t - a ring of protection from magic (left hand)
 v - a cursed amulet of inaccuracy {unknown}
 Q - an uncursed ring of protection from fire {unknown}
Wands
 j - a wand of flame (21)
 z - a wand of acid (10)
 C - a wand of polymorph (4)
Scrolls
 d - a scroll of enchant armour
 e - a scroll of magic mapping
 f - 11 scrolls of identify
 u - 3 scrolls of remove curse
 y - 5 scrolls of teleportation
 D - a scroll of amnesia
 E - a scroll of immolation {unknown}
Potions
 g - 5 potions of heal wounds
 q - 3 potions of brilliance
 s - 2 potions of mutation
 B - 2 potions of haste {unknown}
 F - 2 potions of attraction {unknown}
 G - a potion of berserk rage
 K - 3 potions of curing
 L - a potion of resistance
 R - 2 potions of degeneration {unknown}
Books
 I - a manual of Shields


   Skills:
 * Level 9.7 Fighting
 * Level 11.1 Short Blades
 - Level 0.7 Throwing
 - Level 3.2 Armour
 + Level 7.2 Dodging
 + Level 8.7 Stealth
 + Level 5.7 Shields
 * Level 8.4 Evocations


You had 10 spell levels left.
You didn't know any spells.
Your spell library contained the following spells:

 Spells                   Type           Power        Failure   Level
 Sting                    Tmut/Pois      #...         38%         1
 Poisonous Vapours        Pois/Air       #.....       52%         2
 Ignite Poison            Fire/Tmut/Pois #.......     77%         3
 Mephitic Cloud           Conj/Pois/Air  #.......     77%         3
 Olgreb's Toxic Radiance  Pois           #.......     99%         4


Dungeon Overview and Level Annotations

Branches:
Dungeon (10/15)            Temple (1/1) D:4           Sewer (visited)
   Lair: D:8-11         Orc: D:9-12

Altars:
Ashenzari
Cheibriados
Dithmenos
Elyvilon
Fedhas
Gozag
Hepliaklqana
Kikubaaqudgha
Makhleb
Nemelex Xobeh
Okawaru
Qazlal
Ru
Sif Muna
Trog
Uskayaw
Vehumet
Wu Jian
Xom
Yredelemnul
Zin
The Shining One

Shops:
D:5 (   D:8 !   D:10 [

Annotations:
D:4 3 runed translucent doors, Edmund; p0werm0de's ghost, weakling DDFi
D:6 2 runed translucent doors, Verendum's ghost, novice OpTm


Innate Abilities, Weirdness & Mutations

You are small and have problems with some larger weapons.
You are completely attuned to the shadows.
You are partially covered in icy blue scales. (AC +2)
Your mind is acute. (Int +2)
Armour fits poorly on your strangely shaped body.


Message History

You kill the orc warrior!
Dithmenos accepts your kill.
You puncture the orc! You burn the orc.
You kill the orc!
Dithmenos accepts your kill.
An orc knight comes into view. It is wielding a +0 glaive.
You feel a strong urge to attack something.
A wraith comes into view.
You are no longer berserk.
You are exhausted.
You feel as though you will be slow longer.
Press: ? - help, Dir - move target cursor, f - wraith
Aim: a wraith (umbra)
Okay, then.
As you read the scroll of teleportation, it crumbles to dust.
You feel strangely unstable.
The orc warrior hits you with a +0 long sword!
* * * LOW HITPOINT WARNING * * *
The orc knight hits you from afar with a +0 glaive!!
You die...

...........#.# ####
#....#...###.##...#
#................#
##..............#
......$......###
.........##
u.#.......###
..#.......#.#
.....W@o##
......##o#
......((####
...##oo#..# .#
#.o#..## #...†.<.
.......h.
..#.......
..#.......


You could see an orc knight, a wraith and an orc warrior.

Vanquished Creatures
  Josephine (D:10)
  Psyche (D:8)
  A troll (D:9)
  4 flying skulls
  5 wraiths
  3 shadows (D:9)
  5 orc warriors
  2 ice beasts
  3 sky beasts
  3 ogres
  A necrophage (D:10)
  2 phantoms
  5 centaurs
  Blork the orc (D:4)
  3 big kobolds
  4 bullfrogs
  5 scorpions
  2 wyvern skeletons (D:9)
  3 killer bees (D:8)
  9 wights
  4 howler monkeys
  A bullfrog zombie (D:8)
  A quasit (D:10)
  5 hounds
  A centaur zombie (D:9)
  5 orc priests
  2 jellies
  3 bullfrog skeletons
  10 orc wizards
  4 centaur skeletons
  Jessica (D:2)
  5 iguanas
  7 worker ants
  2 big kobold zombies (Sewer)
  2 hound zombies
  4 hound skeletons
  2 howler monkey skeletons (D:9)
  11 adders
  6 shadow imps
  4 white imps
  9 ufetubi
  2 oozes
  5 adder skeletons
  2 adder zombies
  6 worms
  2 dart slugs
  7 leopard geckos
  50 orcs
  4 ball pythons
  5 bats
  5 giant cockroaches
  3 goblins
  3 hobgoblins (D:2)
  9 jackals
  49 kobolds
  5 quokkas
  6 frilled lizards
  A giant cockroach zombie (D:6)
  A kobold zombie (Sewer)
  2 leopard gecko skeletons
  6 rats
325 creatures vanquished.

Vanquished Creatures (others)
  A fungus (D:5)
  30 plants
31 creatures vanquished.

Grand Total: 356 creatures vanquished

Notes
Turn   | Place    | Note
-------+----------+-------------------------------------------
     0 | D:1      | Kuinu the Kobold Fighter began the quest for the Orb.
     0 | D:1      | Reached XP level 1. HP: 14/14 MP: 1/1
   357 | D:1      | Reached XP level 2. HP: 19/19 MP: 2/2
   467 | D:1      | Reached skill level 1 in Stealth
   526 | D:1      | Reached skill level 3 in Short Blades
   859 | D:2      | Reached XP level 3. HP: 23/23 MP: 3/3
   877 | D:2      | Reached skill level 1 in Dodging
   930 | D:2      | Found a stormy altar of Qazlal.
  2165 | D:2      | Noticed Jessica
  2171 | D:2      | Killed Jessica
  2171 | D:2      | Reached XP level 4. HP: 14/29 MP: 4/4
  2510 | D:4      | Reached XP level 5. HP: 21/33 MP: 5/5
  2698 | D:3      | You fall into a shaft and drop 2 floors!
  2698 | D:5      | Entered Level 5 of the Dungeon
  2926 | D:5      | Found a glowing drain.
  2930 | Sewer    | Entered a sewer
  3306 | Sewer    | Found an ancient bone altar of Kikubaaqudgha.
  3323 | Sewer    | Reached XP level 6. HP: 38/38 MP: 6/6
  3356 | Sewer    | Reached skill level 4 in Short Blades
  3593 | Sewer    | Noticed Grinder
  3707 | Sewer    | Gained mutation: Armour fits poorly on your strangely
                  | shaped body. [potion of mutation]
  3707 | Sewer    | Gained mutation: Your mind is acute. (Int +2) [potion of
                  | mutation]
  3707 | Sewer    | Gained mutation: You are partially covered in icy blue
                  | scales. (AC +2) [potion of mutation]
  4674 | D:4      | Noticed Edmund
  4775 | D:4      | Found a staircase to the Ecumenical Temple.
  4785 | Temple   | Entered the Ecumenical Temple
  4913 | Temple   | Became a worshipper of Dithmenos the Shadowed
  5497 | D:4      | Reached XP level 7. HP: 10/43 MP: 7/7
  5992 | D:4      | Noticed Blork the orc
  6100 | D:4      | Killed Blork the orc
  6273 | D:4      | Reached skill level 5 in Short Blades
  6654 | D:4      | Reached skill level 5 in Fighting
  7012 | D:4      | Reached XP level 8. HP: 48/49 MP: 8/8
  7119 | D:4      | Found a runed translucent gate.
  7120 | D:4      | Found a runed translucent gate.
  7120 | D:4      | Noticed p0werm0de's ghost (weakling DDFi)
  7121 | D:4      | Found a runed translucent gate.
  7567 | D:5      | Found Fanal's Antique Weapon Emporium.
  7713 | D:5      | Reached skill level 6 in Short Blades
  8322 | D:5      | Reached * piety under Dithmenos
  8375 | D:5      | Found a sacrificial altar of Ru.
  8487 | D:6      | Reached skill level 5 in Stealth
  8502 | D:6      | Found a runed translucent door.
  8523 | D:6      | Reached skill level 1 in Evocations
  8842 | D:6      | Noticed Verendum's ghost (novice OpTm)
  8965 | D:6      | Found a runed translucent door.
  9187 | D:6      | Reached skill level 7 in Short Blades
  9704 | D:6      | Reached XP level 9. HP: 54/56 MP: 9/9
 10009 | D:7      | Reached ** piety under Dithmenos
 10220 | D:7      | Found an ornate altar of the Wu Jian Council.
 10237 | D:7      | Reached skill level 5 in Dodging
 10710 | D:7      | Reached skill level 8 in Short Blades
 10764 | D:7      | Reached *** piety under Dithmenos
 11615 | D:8      | Reached skill level 5 in Evocations
 12698 | D:8      | Noticed Psyche
 12702 | D:8      | Killed Psyche
 12702 | D:8      | Reached skill level 9 in Short Blades
 12702 | D:8      | Reached XP level 10. HP: 64/64 MP: 10/10
 12707 | D:8      | Reached **** piety under Dithmenos
 12887 | D:8      | Found Ypesulie's Distillery.
 12898 | D:8      | Bought a potion of curing for 39 gold pieces
 12898 | D:8      | Bought a potion of curing for 39 gold pieces
 12898 | D:8      | Bought a potion of resistance for 130 gold pieces
 12898 | D:8      | Bought a potion of curing for 39 gold pieces
 12898 | D:8      | Bought a potion of heal wounds for 65 gold pieces
 13353 | D:9      | Found the +0 mask of the Dragon {MR+ Slay+3 SInv}
 13752 | D:9      | Noticed a skeletal warrior
 13962 | D:9      | Found an opulent altar of Gozag.
 14059 | D:9      | Reached skill level 10 in Short Blades
 14155 | D:9      | Reached ***** piety under Dithmenos
 14218 | D:9      | Got an obsidian-encrusted chain mail
 14511 | D:9      | Reached XP level 11. HP: 48/71 MP: 11/11
 14535 | D:9      | Reached skill level 5 in Shields
 15309 | D:10     | Entered Level 10 of the Dungeon
 15604 | D:10     | Noticed a death yak
 15605 | D:10     | Noticed a death yak
 15653 | D:10     | Noticed a white ugly thing
 15675 | D:10     | Found Kudwupsa's Armour Shoppe.
 15727 | D:10     | Noticed Josephine
 15742 | D:10     | Killed Josephine
 15742 | D:10     | Reached skill level 11 in Short Blades
 15750 | D:10     | Noticed an orc knight
 15753 | D:10     | Slain by an orc knight

Illustrated notes

Levels and vault maps discovered:
D:1:      lemuel_arrival_cross, layout_basic
D:2:      layout_basic, minivault_11, minmay_misc_feat_enclosed, chequers_jeans,
          grunt_qazlal_clouds, uniq_jessica
D:3:      layout_rooms, serial_curves, eino_curves_02, eino_curves_04,
          st_stairs_13, kennysheep_generic_room_16
D:4:      layout_loops_ring, minmay_temple_entry_statues,
          gammafunk_ghost_nasty_kobolds, uniq_edmund, uniq_blork_the_orc
D:5:      layout_basic, gup_sewer_entry_bowl, serial_shops,
          nicolae_shop_competitors_out_of_business, corexii_corridor_pit,
          nicolae_ru_the_path_less_chosen
D:6:      layout_rooms, ebering_ghost_sewer_f
D:7:      kennysheep_kobold_camp, layout_basic, basic_altar,
          minmay_misc_feat_iff, minmay_manual_mullet
D:8:      layout_loops_corners, serial_shops, shop, uniq_psyche
D:9:      hangedman_screamer, layout_stronghold,
          nicolae_gozag_cash_rules_everything_around_me,
          minmay_misc_feat_nine_boxes, minivault_1,
          chequers_serial_rivers_micro_e
D:10:     layout_cave_pools, dpeg_lair_monsters, orc_david_3, minmay_st_funbox,
          grunt_decor_one_mirror, chequers_serial_rivers_small_a, uniq_grum,
          uniq_josephine, uniq_erica
Temple:   kilobyte_greek_temple

Skill      XL: |  1  2  3  4  5  6  7  8  9 10 11 |
---------------+----------------------------------+-----
Stealth        | 1 2 3 4 5 6 7 8 |  8.7
Short Blades   | 3 4 5 7 9 10 11 | 11.1
Dodging        | 1 2 3 4 5 6 7 |  7.2
Armour         | 3 |  3.2
Fighting       | 4 5 6 7 9 |  9.7
Shields        | 3 4 5 |  5.7
Evocations     | 2 5 7 8 |  8.4
Throwing       | |  0.7

Action                   |  1- 3 |  4- 6 |  7- 9 | 10-12 || total
-------------------------+-------+-------+-------+-------++-------
Melee: Rapier            |    81 |    46 |       |       ||   127
       Short sword       |       |   157 |   519 |   451 ||  1127
Throw: Throwing net      |       |     2 |       |       ||     2
       Dart              |       |     1 |    85 |     1 ||    87
 Abil: Evoke Invisibilit |       |       |     1 |       ||     1
Evoke: Wand              |       |    13 |     2 |       ||    15
  Use: Scroll            |       |     9 |     1 |     1 ||    11
       Potion            |       |     7 |     5 |     1 ||    13
 Stab: Sleeping          |    13 |     5 |    22 |    17 ||    57
       Distracted        |     1 |       |     1 |     3 ||     5
Armor: Scale mail        |     7 |       |       |       ||     7
       Ring mail         |    16 |       |       |       ||    16
       Leather armour    |     3 |    31 |    55 |    32 ||   121
       Troll leather arm |       |       |       |     4 ||     4
Dodge: Dodged            |    38 |   159 |   346 |   249 ||   792
Block: Kite shield       |     1 |       |       |       ||     1

Table legend: (Time is in decaauts)
 A = Elapsed time spent in this place.
 B = Non-inter-level travel time spent in this place.
 C = Inter-level travel time spent in this place.
 D = Time resting spent in this place.
 E = Time spent auto-exploring this place.
 F = Levels seen in this place.
 G = Mean time per level.
                   A        B        C        D        E       F      G
               +--------+--------+--------+--------+--------+-----+--------+
         Total |  15507 |  15095 |    412 |   2238 |   9100 |  12 | 1292.2 |
       Dungeon |  14451 |  14043 |    408 |   2238 |   8475 |  10 | 1445.1 |
        Temple |    235 |    231 |      4 |      0 |    229 |   1 |  235.0 |
         Sewer |    820 |    820 |      0 |      0 |    396 |   1 |  820.0 |
               +--------+--------+--------+--------+--------+-----+--------+

Top non-repeatable levels by time:
     D:4: 2260 daAuts
     D:9: 2018 daAuts
     D:8: 1825 daAuts
     D:2: 1630 daAuts
     D:7: 1554 daAuts
     D:6: 1429 daAuts
     D:5: 1427 daAuts
     D:3: 1259 daAuts
     D:1: 859 daAuts
   Sewer: 820 daAuts
  Temple: 235 daAuts
    D:10: 186 daAuts
